 Dungeon Crawl Stone Soup version 0.24.0-13-gcf9b3192b9 (webtiles) character file.

Game seed: 6086245950896380707, levelgen mode: deterministic

284 Amplified the Skirmisher (level 6, -1/87 HPs)
             Began as a Naga Berserker on Nov 7, 2019.
             Was a Follower of Trog.
             Slain by a killer bee (3 damage)
             ... on level 3 of the Dungeon.
             The game lasted 00:02:03 (1901 turns).

Amplified the Skirmisher (Naga Berserker)           Turns: 1901, Time: 00:02:03

Health: -1/87      AC:  6    Str: 27    XL:     6   Next: 29%
Magic:  6/6        EV:  9    Int:  7    God:    Trog [*.....]
Gold:   117        SH:  0    Dex: 10    Spells: 5/5 levels left

rFire    . . .     SeeInvis +   a - +1 hand axe
rCold    . . .     Gourm    +   (no shield)
rNeg     . . .     Faith    .   e - +0 ring mail
rPois    +         Spirit   .   (no helmet)
rElec    .         Reflect  .   m - +0 cloak
rCorr    .         Harm     .   (no gloves)
MR       ++...                  (no barding)
Stlth    ..........             g - amulet of the gourmand
HPRegen  1.24/turn              (no ring)
MPRegen  0.10/turn              (no ring)

@: berserking (expiring), regenerating, quick
A: large, see invisible, deformed body, poison resistance, slowness 2, slow
metabolism 1, spit poison 1, AC +2
a: Spit Poison, Berserk, Renounce Religion


You were on level 3 of the Dungeon.
You worshipped Trog.
Trog was aware of your devotion.
You were not hungry.

You visited 1 branch of the dungeon, and saw 4 of its levels.

You collected 117 gold pieces.

Inventory:

Hand Weapons
 a - a +1 hand axe (weapon)
 h - the +5 spear of Poriwneff {pain, Int+5, unknown}
   (You found it on level 4 of the Dungeon)

   In the hands of one skilled in necromantic magic, it inflicts extra damage on
   living creatures.
   It affects your intelligence (+5).
Missiles
 f - 101 stones (quivered)
 l - 3 atropa-tipped darts
Armour
 b - a +0 animal skin
 e - a +0 ring mail (worn)
 i - a +0 chain mail
 m - a +0 cloak (worn)
Jewellery
 g - an amulet of the gourmand (around neck)
Scrolls
 d - a scroll of remove curse
Potions
 j - a potion of berserk rage {unknown}
 k - a potion of flight {unknown}
 n - a potion of brilliance {unknown}
Comestibles
 c - 5 rations


   Skills:
 * Level 4.6 Fighting
 * Level 4.5 Axes
 + Level 2.6 Armour
 + Level 2.5 Dodging


You had 5 spell levels left.
You didn't know any spells.
Your spell library was empty.

Dungeon Overview and Level Annotations

Branches:
Dungeon (4/15)
 Temple: D:4-7

Altars:
Dithmenos

Annotations:
D:2 Natasha


Innate Abilities, Weirdness & Mutations

You cannot wear boots.
Your serpentine skin is tough. (AC +2)
You have supernaturally acute eyesight. (SInv)
Armour fits poorly on your strangely shaped body.
Your system is resistant to poisons. (rPois)
You cover ground very slowly.
You have a slow metabolism.
You can spit poison.


Message History

The killer bee stings you!
* * * LOW HITPOINT WARNING * * *
The killer bee stings you.
* * * LOW HITPOINT WARNING * * *
You are too berserk!
Unknown command.
You slash the killer bee!
You kill the killer bee!
Trog accepts your kill.
You closely miss the killer bee. You hit the killer bee.
You feel the effects of Trog's Hand fading.
The killer bee closely misses you. The killer bee stings you.
* * * LOW HITPOINT WARNING * * *
The killer bee barely misses you.
Unknown command.
You miss the killer bee.
The killer bee is severely wounded.
You miss the killer bee. The killer bee closely misses you. x2
The killer bee stings you.
You die...

#.........#
#.........###
#...........
#.........#
#.....<...#
#.........#
#.........#
#.........##
#@y........#
......†y......##.#
#####.......####.##
#..$.[..# #.)#
#(......#####)##
##.............#
#..?..#####.#>##
....... #..>.#
###......


You could see 2 killer bees.

Vanquished Creatures
  3 killer bees (D:3)
  Jessica (D:2)
  Natasha (twice) (D:2)
  Terence (D:2)
  2 adders
  3 dart slugs (D:1)
  2 giant cockroaches
  5 goblins
  6 hobgoblins
  A ball python (D:2)
  2 frilled lizards (D:1)
  4 kobolds
  5 rats
37 creatures vanquished.

Notes
Turn   | Place    | Note
-------+----------+-------------------------------------------
     0 | D:1      | Amplified the Naga Berserker began the quest for the Orb.
     0 | D:1      | Reached XP level 1. HP: 21/21 MP: 1/1
   322 | D:1      | Reached XP level 2. HP: 28/28 MP: 2/2
  1284 | D:2      | Reached XP level 3. HP: 29/34 MP: 3/3
  1290 | D:2      | Noticed Terence
  1298 | D:2      | Killed Terence
  1344 | D:2      | Reached XP level 4. HP: 41/43 MP: 4/4
  1454 | D:2      | Noticed Natasha
  1459 | D:2      | Killed Natasha
  1494 | D:2      | Noticed Natasha
  1508 | D:2      | Killed Natasha
  1521 | D:2      | Noticed Natasha
  1660 | D:2      | Noticed Jessica
  1667 | D:2      | Killed Jessica
  1667 | D:2      | Reached XP level 5. HP: 48/50 MP: 5/5
  1773 | D:2      | You fall into a shaft and drop 2 floors!
  1773 | D:4      | Found a shadowy altar of Dithmenos.
  1840 | D:4      | Got a bloodstained spear
  1860 | D:3      | Reached ** piety under Trog
  1898 | D:3      | Reached XP level 6. HP: 35/58 MP: 6/6
  1900 | D:3      | HP: 1/87 [killer bee (5)]
  1901 | D:3      | Slain by a killer bee

Levels and vault maps discovered:
D:1:      dpeg_arrival_erosion, layout_loops_corners, minmay_misc_feat_enclosed
D:2:      layout_basic, first_ration, doesnt_xom_only_xom, uniq_natasha,
          uniq_jessica, uniq_terence
D:3:      layout_rooms, nicolae_overflow_hidden_temple
D:4:      layout_cave_pools, tso_oasis_becter,
          nicolae_dithmenos_through_a_glass_darkly, serial_shops,
          shop_fountains, minmay_manual_moon

Skill      XL: |  1  2  3  4 |
---------------+-------------+-----
Armour         | 2 |  2.6
Dodging        | 2 |  2.5
Fighting       | 4 |  4.6
Axes           | 4 |  4.5

Action                   |  1- 3 |  4- 6 || total
-------------------------+-------+-------++-------
Melee: Hand axe          |    59 |    56 ||   115
Invok: Berserk           |     1 |     2 ||     3
       Trog's Hand       |       |     1 ||     1
  Use: Scroll            |     3 |     1 ||     4
  Eat: Chunk             |     1 |     4 ||     5
       Ration            |       |     1 ||     1
Armor: Animal skin       |     3 |       ||     3
       Ring mail         |    12 |    19 ||    31
Dodge: Dodged            |    34 |    35 ||    69
